 Dungeon Crawl Stone Soup version 0.29-a0-243-g602b31c20e (webtiles) character file.

Game seed: 17131908437092494415

208 Ajdolov the Insei (level 5, 0/36 HPs)
             Began as an Octopode Transmuter on Mar 4, 2022.
             Slain by a black bear (3 damage)
             ... on level 4 of the Dungeon.
             The game lasted 00:04:40 (4146 turns).

Ajdolov the Insei (Octopode Transmuter)             Turns: 4146, Time: 00:04:41

Health: 0/36       AC:  1    Str:  9    XL:     5   Next: 86%
Magic:  6/8        EV: 13    Int: 19    God:
Gold:   215        SH:  0    Dex: 13    Spells: 0/8 levels left

rFire   . . .      SeeInvis .   h - +8 mace of the World {flame, rC+ Int+2}
rCold   + . .      Faith    .   (no shield)
rNeg    . . .      Spirit   .   (helmet restricted)
rPois   .          Reflect  .   (no amulet)
rElec   .          Harm     .   (no ring)
rCorr   .          Rampage  .   (no ring)
Will    .....                   (no ring)
Stlth   ++........              (no ring)
HPRegen 0.12/turn               (no ring)
MPRegen 0.11/turn               (no ring)
                                (no ring)
                                (no ring)

@: no status effects
A: almost no armour, amphibious, 8 rings, camouflage 1, gelatinous body 1,
(nimble swimmer 1), tentacles
a: no special abilities


You were on level 4 of the Dungeon.
You visited 1 branch of the dungeon, and saw 4 of its levels.

You collected 215 gold pieces.

Inventory:

Hand Weapons
 h - the +8 mace of the World (weapon) {flame, rC+ Int+2}
   (You found it on level 2 of the Dungeon)

   It burns those it strikes, dealing additional fire damage.
   Int:       It affects your intelligence (+2).
   rC:        It protects you from cold.
Jewellery
 i - an amulet of the acrobat
 j - a ring of see invisible
 l - a ring of ice
Wands
 m - a wand of iceblast (13)
 n - a wand of polymorph (5)
Scrolls
 d - 5 scrolls of identify {unknown}
 e - 3 scrolls of magic mapping {unknown}
 g - 2 scrolls of noise {unknown}
 k - a scroll of summoning {unknown}
 o - a scroll of fog {unknown}
 p - a scroll of enchant armour {unknown}
 q - a scroll of holy word {unknown}
Potions
 a - a potion of curing
 b - a potion of resistance {unknown}
 c - a potion of invisibility {unknown}
 f - a potion of heal wounds {unknown}


   Skills:
 + Level 3.2 Fighting
 - Level 2.0 Dodging
 * Level 5.4 Unarmed Combat
 - Level 2.0 Spellcasting
 - Level 2.0 Transmutations


You couldn't memorise any spells.
You knew the following spells:

 Your Spells              Type           Power      Damage    Failure   Level
a - Beastly Appendage     Tmut           18%        N/A       8%          1
b - Spider Form           Tmut/Pois      5%         N/A       32%         3
c - Ice Form              Ice/Tmut       5%         N/A       73%         4

Your spell library contained the following spells:

 Spells                   Type           Power      Damage    Failure   Level
 Wereblood                Tmut           9%         N/A       11%         2


Dungeon Overview and Level Annotations

Branches:
Dungeon (4/15)
 Temple: D:4-7

Altars:
Dithmenos
Zin

Annotations:
D:2 1 runed translucent door, Crazy Yiuf
D:4 exclusion: orc priest


Innate Abilities, Weirdness & Mutations

You cannot wear most types of armour.
You are amphibious.
You can wear up to eight rings at the same time.
Your skin changes colour to match your surroundings (Stealth+).
Your rubbery body absorbs attacks. (AC +1, EV +1)
((You are camouflaged when in or above water. (Stealth+)))
You have tentacles for arms and can constrict up to eight enemies at once.


Message History

The black bear bites you. The black bear claws you.
The black bear completely misses you.
You completely miss the black bear.
The black bear is moderately wounded.
The black bear completely misses you. The black bear barely misses you.
The black bear misses you.
You hit the black bear.
The black bear is heavily wounded.
Your transformation is almost over.
The black bear bites you.
The black bear claws you but does no damage. x2
You bite the black bear!
The black bear is almost dead.
An adder comes into view.
The black bear goes berserk!
You barely miss the black bear.
The black bear is almost dead.
The black bear bites you. The black bear claws you. x2
* * * LOW HITPOINT WARNING * * *
The adder barely misses you. The adder barely misses you.
The black bear completely misses you. The black bear closely misses you.
The black bear claws you.
* * * LOW HITPOINT WARNING * * *
You feel better. The adder completely misses you. The black bear bites you.
* * * LOW HITPOINT WARNING * * *
The black bear misses you. The black bear claws you.
* * * LOW HITPOINT WARNING * * *
The black bear barely misses you. The black bear closely misses you.
The black bear barely misses you. The adder completely misses you.
Okay, then.
You feel better.
The black bear completely misses you. x2
The black bear barely misses you. The adder bites you but does no damage.
Your transformation has ended.
The +8 mace of the World {flame, rC+ Int+2} unmelds from your body.
The +8 mace of the World {flame, rC+ Int+2} bursts into flame!
The black bear rages.
The black bear bites you!
* * * LOW HITPOINT WARNING * * *
The black bear claws you.
You die...

#### ##..# #..# ##.## .
#..## ####.. .. ### ##..#
#.....# #.. ....##..##
##....# .###.#
.........###...[.# #.g.#
...............##.##...##.
#........@SS...# #...g...#
##........h..##.##.......#
........##.W.# #..........
.......#####.###......###.
......# #g.).....###
.....##########.....# ...#
..............# ..
#############.# ###


You could see a phantom, a black bear (berserk, poisoned), 2 adders and a
goblin.

Vanquished Creatures
  A hound (D:3)
  Natasha (twice) (D:2)
  Terence (D:3)
  3 adders
  2 ufetubi (D:3)
  3 dart slugs
  5 orcs
  3 ball pythons
  4 endoplasms
  A giant cockroach (D:1)
  5 hobgoblins
  4 quokkas (D:1)
  5 bats
  8 frilled lizards
  4 goblins
  4 kobolds
  2 rats (D:1)
57 creatures vanquished.

Notes
Turn   | Place    | Note
-------+----------+-------------------------------------------
     0 | D:1      | Ajdolov the Octopode Transmuter began the quest for the
                  | Orb.
     0 | D:1      | Reached XP level 1. HP: 13/13 MP: 3/3
   140 | D:1      | Found a faded altar of an unknown god.
   154 | D:1      | Reached XP level 2. HP: 18/18 MP: 5/5
  1053 | D:2      | Reached XP level 3. HP: 24/24 MP: 6/6
  1065 | D:2      | Learned a level 3 spell: Spider Form
  1235 | D:1      | Reached skill level 4 in Unarmed Combat
  1946 | D:2      | Found a glowing silver altar of Zin.
  1963 | D:2      | Identified the +8 mace of the World {flame, rC+ Int+2}
  1970 | D:2      | Found a runed translucent door.
  1971 | D:2      | Noticed Crazy Yiuf
  2290 | D:2      | Noticed Natasha
  2296 | D:2      | Killed Natasha
  2297 | D:2      | Reached XP level 4. HP: 23/29 MP: 7/7
  2317 | D:2      | Noticed Natasha
  2322 | D:2      | Killed Natasha
  2790 | D:3      | Reached skill level 5 in Unarmed Combat
  2790 | D:3      | Reached XP level 5. HP: 12/36 MP: 8/8
  3148 | D:3      | Learned a level 4 spell: Ice Form
  3368 | D:3      | Noticed Terence
  3379 | D:3      | Killed Terence
  3409 | D:3      | Found a shadowy altar of Dithmenos.
  4123 | D:4      | Noticed a black bear
  4133 | D:4      | Noticed a phantom
  4146 | D:4      | Slain by a black bear

Illustrated notes

Levels and vault maps discovered:
D:1:      minmay_arrival_widening_spiral_wide, layout_loops_ring,
          basic_ecumenical_altar, chequers_jeans
D:2:      layout_loops_corners, basic_altar, minmay_randomly_rotated_circles,
          uniq_natasha, uniq_crazy_yiuf_cottage
D:3:      layout_basic, overflow_temple_1_default, uniq_terence
D:4:      layout_cave_pods, minmay_temple_entry_gardened_gates, minmay_vboxes,
          uniq_blork_the_orc

Skill      XL: |  1  2  3  4  5 |
---------------+----------------+-----
Fighting       | 2 3 |  3.2
Unarmed Combat | 4 5 |  5.4
Dodging        | |  2.0
Spellcasting   | |  2.0
Transmutations | |  2.0

Action                   |  1- 3 |  4- 6 || total
-------------------------+-------+-------++-------
Melee: Unarmed           |    69 |    12 ||    81
       Constrict         |    21 |     9 ||    30
       Tentacles         |    15 |     8 ||    23
       Punch             |     1 |     3 ||     4
       Mace              |     3 |    41 ||    44
 Cast: Spider Form       |     1 |     3 ||     4
  Use: Potion            |     1 |     2 ||     3
 Stab: Sleeping          |     7 |     7 ||    14
       Distracted        |     1 |       ||     1
Armor: Skin              |    11 |     9 ||    20
Dodge: Dodged            |    49 |    54 ||   103

Table legend: (Time is in decaauts)
 A = Elapsed time spent in this place.
 B = Non-inter-level travel time spent in this place.
 C = Inter-level travel time spent in this place.
 D = Time resting spent in this place.
 E = Time spent auto-exploring this place.
 F = Levels seen in this place.
 G = Mean time per level.
                   A        B        C        D        E       F      G
               +--------+--------+--------+--------+--------+-----+--------+
         Total |   4157 |   4054 |    103 |    806 |   2745 |   4 | 1039.2 |
       Dungeon |   4157 |   4054 |    103 |    806 |   2745 |   4 | 1039.2 |
               +--------+--------+--------+--------+--------+-----+--------+

Top non-repeatable levels by time:
     D:1: 1361 daAuts
     D:2: 1316 daAuts
     D:3: 1260 daAuts
     D:4: 219 daAuts
